Map: Dusk Towers

Players

AiLillekanin (Lillekanin)

  • Race: Terran Terran
  • League: Master

Probe - Winner!

  • Race: Protoss Protoss
  • League: Master

Event: DreamHack ZOWIE Open Leipzig

VOD

Have the link to the VOD?

Description

Time

  • Played on: Jan. 22, 2016, 10:39 a.m.
  • Length: 8:20

All games in this series

Show
View Real Time Build Order
Export as new Build Order

AiLillekanin Terran 

Build Orders: Liberator Opening 

Get SALT Encoding   

  12  0:01  SCV  
  13  0:13  SCV  
  14  0:18  Supply Depot  
  14  0:25  SCV  
  15  0:40  SCV  
  15  0:41  Barracks  
  16  0:45  Refinery  
  16  0:52  SCV  
  17  1:04  SCV  
  18  1:16  SCV  
  19  1:28  Barracks Reactor  
  19  1:29  Orbital Command  
  19  1:44  Command Center  
  19  1:54  SCV  
  19  1:56  Supply Depot  
  20  2:05  Marine  
  20  2:06  Marine  
  20  2:07  SCV  
  23  2:16  Factory  
  23  2:22  Refinery  
  23  2:24  SCV  
  23  2:26  Marine  
  25  2:30  Marine  
  25  2:36  SCV  
  27  2:44  Marine  
  27  2:48  SCV  
  27  2:50  Marine  
  30  2:59  Orbital Command  
  30  3:00  SCV  
  30  3:05  Starport  
  31  3:07  Factory Tech Lab  
  31  3:11  Marine  
  31  3:12  SCV  
  34  3:22  Supply Depot  
  36  3:27  Cyclone  
  36  3:30  SCV  
  36  3:32  SCV  
  38  3:36  Liberator  
  38  3:37  Marine  
  38  3:38  Marine  
  40  3:42  SCV  
  40  3:44  SCV  
  42  3:55  Marine  
  45  3:56  SCV  
  45  3:59  SCV  
  47  4:04  Refinery, Marine  
  47  4:08  SCV  
  49  4:11  SCV  
  51  4:26  Siege Tank  
  51  4:28  Command Center  
  51  4:30  Supply Depot, SCV  
  54  4:38  Engineering Bay  
  54  4:40  SCV, Starport Reactor  
  54  4:45  SCV  
  54  4:51  Marine x2  
  54  4:52  SCV, Supply Depot  
  57  4:57  SCV  
  58  5:04  SCV, Barracks  
  59  5:08  Missile Turret  
  59  5:09  SCV, Marine  
  60  5:14  Missile Turret  
  60  5:17  SCV  
  60  5:21  SCV  
  60  5:23  Refinery  
  60  5:25  Siege Tank  
  60  5:27  Terran Infantry Weapons Level 1  
  63  5:29  SCV  
  63  5:33  SCV  
  65  5:35  Barracks  
  65  5:37  Marine  
  65  5:39  Marine  
  65  5:41  SCV  
  68  5:45  SCV  
  68  5:49  Medivac x2  
  73  5:53  SCV  
  73  5:55  Marine  
  73  5:56  Orbital Command  
  75  5:57  SCV  
  75  5:59  Barracks Tech Lab  
  75  6:03  Siege Tank  
  79  6:05  SCV  
  79  6:09  Supply Depot, SCV  
  79  6:11  Marine  
  82  6:15  Supply Depot, Marine  
  83  6:20  Marine  
  83  6:25  Barracks Tech Lab  
  84  6:27  Orbital Command  
  84  6:28  SCV  
  84  6:31  Marine  
  86  6:34  Medivac  
  86  6:35  Medivac  
  86  6:37  Siege Tank  
  93  6:40  SCV  
  94  6:47  Combat Shields, Marine  
  94  6:51  SCV  
  94  6:53  Marine  
  94  6:54  Marine x2  
  98  6:55  SCV  
  98  6:56  SCV  
  101  7:10  SCV, Siege Tank, Marine  
  101  7:11  Supply Depot, Missile Turret, Marine  
  101  7:13  Supply Depot  
  106  7:17  SCV  
  106  7:18  SCV  
  106  7:22  Medivac  
  109  7:27  Supply Depot  
  109  7:30  Supply Depot  
  109  7:36  Bunker  
  109  7:38  Bunker  
  109  7:39  SCV, Medivac  
  109  7:40  Supply Depot  
  109  7:43  Marine  
  113  7:44  Supply Depot  
  113  7:48  Supply Depot  
  110  7:51  Marine  
  110  7:52  Marine  
  110  7:53  Marine  
  108  8:01  Marine  
  108  8:02  SCV  
  108  8:04  SCV  
Show
View Real Time Build Order
Export as new Build Order

Probe Protoss - Winner!

Build Orders: 1 Gate Expand, Oracle Opening 

Get SALT Encoding   

  12  0:01  Probe (Chrono Boost)  
  13  0:11  Probe (Chrono Boost)  
  14  0:17  Pylon  
  14  0:23  Probe (Chrono Boost)  
  16  0:35  Probe (Chrono Boost)  
  16  0:37  Gateway  
  16  0:46  Probe (Chrono Boost)  
  17  0:51  Assimilator  
  17  0:57  Probe (Chrono Boost)  
  18  1:07  Probe (Chrono Boost)  
  19  1:19  Nexus  
  19  1:21  Probe (Chrono Boost)  
  20  1:33  Cybernetics Core  
  20  1:37  Probe (Chrono Boost)  
  21  1:41  Assimilator  
  21  1:47  Probe (Chrono Boost)  
  21  1:53  Pylon  
  22  1:58  Probe (Chrono Boost)  
  23  2:12  Mothership Core (Chrono Boost), Adept  
  27  2:21  Warp Gate  
  28  2:30  Probe (Chrono Boost)  
  28  2:31  Probe (Chrono Boost)  
  28  2:39  Adept  
  28  2:40  Probe (Chrono Boost)  
  28  2:42  Probe (Chrono Boost)  
  32  2:51  Probe (Chrono Boost)  
  33  2:52  Probe (Chrono Boost)  
  33  2:53  Stargate  
  34  3:01  Probe (Chrono Boost)  
  34  3:03  Probe (Chrono Boost), Pylon  
  36  3:06  Adept  
  36  3:12  Probe (Chrono Boost)  
  39  3:13  Probe (Chrono Boost)  
  40  3:22  Probe (Chrono Boost)  
  40  3:24  Probe (Chrono Boost)  
  42  3:33  Probe x2 (Chrono Boost), Adept  
  45  3:38  Oracle (Chrono Boost)  
  49  3:43  Nexus  
  49  3:44  Probe  
  49  3:45  Probe  
  51  3:55  Pylon  
  51  3:57  Probe  
  51  3:58  Probe  
  53  4:05  Assimilator  
  53  4:06  Assimilator  
  53  4:09  Pylon  
  54  4:10  Probe  
  54  4:11  Probe  
  54  4:13  Phoenix (Chrono Boost)  
  57  4:22  Probe, Pylon  
  58  4:24  Probe  
  59  4:34  Probe, Twilight Council  
  59  4:35  Forge, Phoenix (Chrono Boost)  
  59  4:37  Probe  
  63  4:46  Probe  
  63  4:48  Probe  
  65  4:58  Probe, Phoenix (Chrono Boost)  
  65  4:59  Gateway x2, Probe x2  
  70  5:10  Probe x3  
  70  5:12  Resonating Glaives  
  73  5:16  Protoss Ground Armor Level 1 (Chrono Boost)  
  73  5:17  Phoenix (Chrono Boost)  
  75  5:22  Probe x2  
  75  5:24  Probe  
  78  5:29  Sentry, Pylon  
  78  5:34  Probe x2  
  82  5:35  Robotics Facility  
  82  5:36  Probe  
  82  5:38  Phoenix  
  85  5:46  Probe x2  
  87  5:51  Gateway x2  
  87  6:04  Adept x2  
  87  6:05  Adept  
  87  6:06  Phoenix  
  87  6:08  Pylon  
  95  6:11  Pylon  
  95  6:19  Pylon  
  95  6:23  Pylon  
  96  6:26  Observer (Chrono Boost)  
  96  6:33  Adept x3  
  96  6:34  Phoenix  
  104  6:43  Gateway  
  104  6:44  Gateway  
  104  6:46  Gateway  
  104  6:48  Gateway  
  104  6:50  Gateway  
  104  6:51  Warp Prism (Chrono Boost)  
  104  6:53  Pylon  
  106  6:56  Adept x4, Pylon, Phoenix  
  116  7:03  Adept  
  118  7:19  Adept x4  
  126  7:24  Observer (Chrono Boost)  
  127  7:33  Pylon  
  127  7:34  Pylon  
  127  7:36  Pylon  
  127  7:37  Assimilator  
  127  7:40  Adept x2  
  127  7:41  Adept x6  
  127  7:42  Assimilator  
  141  8:03  Adept x9  
  135  8:18  Pylon  

Tags
 
Add a new tag
Caveats
  • Supply blocks, unpowered buildings, or Contaminate may cause inaccurate times.
  • Supply counts are checked every 10 seconds.